 Dungeon Crawl Stone Soup version 0.30-a0-1116-gebefce21f7 (webtiles) character file.

Game seed: 15233643880449537982

1804 jasper the Geomancer (level 8, 0/44 HPs)
             Began as a Deep Elf Earth Elementalist on Apr 21, 2023.
             Slain by Duvessa
             ... wielding a +1 rapier of venom
              (9 damage)
             ... on level 6 of the Dungeon.
             The game lasted 00:10:26 (4950 turns).

jasper the Geomancer (Deep Elf Earth Elementalist)  Turns: 4950, Time: 00:10:27

Health: 0/44       AC:  5    Str:  5    XL:     8   Next: 83%
Magic:  15/18      EV: 13    Int: 29    God:
Gold:   227        SH:  0    Dex: 15    Spells: 11/17 levels left

rFire   . . .      SeeInvis .    E - staff of earth
rCold   . . .      Faith    .    (no shield)
rNeg    . . .      Spirit   .    a - +1 robe
rPois   .          Reflect  .    (no helmet)
rElec   .          Rampage  .    w - +0 cloak
rCorr   .                        l - +0 pair of gloves
Will    .....                    (no boots)
Stlth   ++                       (no amulet)
HPRegen 0.27/turn                t - +6 ring of intelligence
MPRegen 0.16/turn                (no ring)

@: weakened
A: no striking features
a: no special abilities


You were on level 6 of the Dungeon.
You visited 2 branches of the dungeon, and saw 7 of its levels.

You collected 445 gold pieces.
You spent 218 gold pieces at shops.

Inventory:

Hand Weapons
 c - a +0 short sword
 v - a +4 quarterstaff of chaos
Missiles
 d - 46 stones
 g - 8 poisoned darts
 p - 2 curare-tipped darts
 y - a throwing net
Armour
 a - a +1 robe (worn)
 l - a +0 pair of gloves (worn)
 m - an orb of wrath
 w - a +0 cloak (worn)
Magical Staves
 E - a staff of earth (weapon)
Jewellery
 t - a +6 ring of intelligence (left hand)
 B - a ring of wizardry
Wands
 x - a wand of iceblast (13)
 C - a wand of flame (22)
Scrolls
 i - a scroll of immolation
 j - a scroll of poison
 n - a scroll of magic mapping
 q - 3 scrolls of teleportation
 F - a scroll of silence
 G - a scroll of blinking
Potions
 b - a potion of magic
 e - 3 potions of invisibility
 f - 5 potions of mutation
 h - a potion of haste
 k - a potion of berserk rage
 o - 6 potions of attraction
 r - 2 potions of lignification {unknown}
 s - 2 potions of curing
 u - 2 potions of cancellation {unknown}
 z - 3 potions of heal wounds {unknown}
 A - a potion of resistance {unknown}


   Skills:
 + Level 2.0 Fighting
 + Level 2.4 Staves
 + Level 4.1 Dodging
 - Level 2.4 Stealth
 + Level 5.4 Spellcasting
 - Level 7.0 Conjurations
 - Level 1.1 Transmutations
 - Level 8.0 Earth Magic
 + Level 2.8 Evocations


You had 11 spell levels left.
You knew the following spells:

 Your Spells              Type           Power      Damage    Failure   Level
a - Sandblast             Erth           100%       2d20      1%          1
b - Passwall              Tmut/Erth      42%        N/A       1%          2
c - Stone Arrow           Conj/Erth      100%       3d13      1%          3

Your spell library contained the following spells:

 Spells                   Type           Power      Damage    Failure   Level
 Petrify                  Tmut/Erth      51%        N/A       9%          4


Dungeon Overview and Level Annotations

Branches:
Dungeon (6/15)             Temple (1/1) D:4

Altars:
Dithmenos
Elyvilon
Gozag
Kikubaaqudgha
Okawaru
Qazlal
Ru
Trog
Uskayaw
Wu Jian
Xom
Yredelemnul
Zin

Shops:
D:1 :   D:2 =   D:3 *   D:5 *(?=*   D:6 *

Annotations:
D:6 Dowan, Duvessa


Message History

Press: ? - help, Q - select action, (/) - cycle Shift-Dir - straight line, f/p - Duvessa
Aim: Duvessa, wielding a +1 rapier of venom, wearing a +0 leather armour and carrying a wand of flame (9) (lightly wounded, 87% to hit)
You feel a surge of power!
The blast of sand hits Duvessa!
Duvessa is heavily wounded.
Aiming: Sandblast (safe; 1% risk of failure)
Press: ? - help, Q - select action, (/) - cycle Shift-Dir - straight line, f/p - Duvessa
Aim: Duvessa, wielding a +1 rapier of venom, wearing a +0 leather armour and carrying a wand of flame (9) (heavily wounded, 87% to hit)
You feel a surge of power!
The blast of sand hits the gnoll bouda!
The gnoll bouda is almost dead.
The gnoll bouda hits you with a +0 whip!
The gnoll completely misses you.
The gnoll bouda hits you with a +0 whip.
Dowan mumbles some strange words.
Dowan blinks!
You take 11 damage, and have 28/44 hp.
MASSIVE DAMAGE!!
You now have 15/18 mp.
Duvessa attacks as you move away!
Duvessa hits you with a +1 rapier of venom!
You are poisoned.
You feel very sick.
The gnoll bouda gazes fiercely through you!
You feel your attacks grow feeble.
You take 10 damage, and have 18/44 hp.
MASSIVE DAMAGE!!
You feel very sick.
Duvessa says, "Where magic fails, the sword succeeds!"
Duvessa closely misses you.
You take 2 damage, and have 16/44 hp.
You open the large door.
You feel sick. The gnoll misses you. The gnoll bouda barely misses you.
Duvessa hits you with a +1 rapier of venom.
* * * LOW HITPOINT WARNING * * *
You are lethally poisoned!
You take 6 damage, and have 10/44 hp.
You feel better.
The gnoll hits you from afar with a +0 spear.
The gnoll bouda closely misses you.
Duvessa zaps a wand.
The puff of flame hits you!
* * * LOW HITPOINT WARNING * * *
You take 1 damage, and have 9/44 hp.
Duvessa attacks as you move away!
Duvessa hits you with a +1 rapier of venom!
You die...

........# ###
........# ...
........# ....
........# .....
........##.)...
.......).....
#.g...e...e #.e.#
#@g.# .....''...#
.....##...# ....
#...# ... ##...####
ยง. #.......# .
#.......#
############.......#
#..................#


You could see Duvessa, Dowan, a gnoll bouda and a gnoll (swift).

Vanquished Creatures
  Sigmund (D:3)
  Menkaure (D:4)
  A black bear (D:4)
  An ogre (D:5)
  2 phantoms
  A bullfrog (D:6)
  2 scorpions
  3 necrophages (D:4)
  A wight (D:4)
  A crimson imp (D:4)
  A bullfrog zombie (D:4)
  Crazy Yiuf (D:3)
  A hound (D:6)
  A human zombie (D:4)
  A gnoll bouda (D:4)
  2 orc priests
  Jessica (D:3)
  4 iguanas
  Ijyb (D:3)
  2 orc wizards (D:3)
  2 scorpion zombies (D:4)
  A mummy (D:4)
  A howler monkey zombie (D:4)
  7 gnolls
  9 adders
  A shadow imp (D:6)
  2 white imps
  An ufetubus (D:5)
  2 adder zombies (D:4)
  2 worms
  A dart slug (D:1)
  15 orcs
  6 ball pythons
  4 endoplasms
  3 giant cockroaches
  6 goblins
  8 hobgoblins
  2 quokkas (D:2)
  2 bats (D:3)
  2 frilled lizards (D:2)
  5 kobolds
  5 rats
116 creatures vanquished.

Notes
Turn   | Place    | Note
-------+----------+-------------------------------------------
     0 | D:1      | jasper the Deep Elf Earth Elementalist began the quest for
                  | the Orb.
     0 | D:1      | Reached XP level 1. HP: 10/10 MP: 6/6
   128 | D:1      | Found Runyla's Book Shoppe.
   144 | D:1      | Reached XP level 2. HP: 11/15 MP: 3/8
   147 | D:1      | Learned a level 2 spell: Passwall
   804 | D:2      | Found an ornate altar of the Wu Jian Council.
   869 | D:2      | Found Syl Kary's Jewellery Emporium.
   881 | D:2      | Reached skill level 4 in Earth Magic
  1003 | D:2      | Reached XP level 3. HP: 19/19 MP: 7/10
  1007 | D:2      | Learned a level 3 spell: Stone Arrow
  1415 | D:3      | Found Jeutuuzy's General Store.
  1427 | D:3      | Bought a potion of curing for 33 gold pieces
  1427 | D:3      | Bought a scroll of identify for 22 gold pieces
  1605 | D:3      | Reached skill level 1 in Conjurations
  1605 | D:3      | Reached XP level 4. HP: 24/24 MP: 12/12
  1768 | D:3      | Noticed Sigmund
  1774 | D:3      | Killed Sigmund
  1775 | D:3      | Reached skill level 5 in Earth Magic
  1775 | D:3      | Reached XP level 5. HP: 23/28 MP: 9/13
  1786 | D:3      | Found a runed translucent door.
  1787 | D:3      | Noticed Crazy Yiuf
  1792 | D:3      | HP: 1/27 [Crazy Yiuf/+4 quarterstaff of chaos (4)]
  1793 | D:3      | Killed Crazy Yiuf
  1794 | D:3      | Reached XP level 6. HP: 2/32 MP: 4/14
  1981 | D:3      | Noticed Ijyb
  1989 | D:3      | Killed Ijyb
  1990 | D:3      | Reached skill level 6 in Earth Magic
  2106 | D:3      | Noticed Jessica
  2112 | D:3      | Killed Jessica
  2435 | D:4      | Noticed Menkaure
  2608 | D:4      | Killed Menkaure
  2609 | D:4      | Reached skill level 5 in Conjurations
  2609 | D:4      | Reached XP level 7. HP: 20/36 MP: 11/15
  2763 | D:4      | Found a staircase to the Ecumenical Temple.
  2792 | Temple   | Entered the Ecumenical Temple
  2881 | D:4      | Found a glowing silver altar of Zin.
  2948 | D:4      | Reached skill level 7 in Earth Magic
  3325 | D:4      | Found an ancient bone altar of Kikubaaqudgha.
  3336 | D:4      | Reached XP level 8. HP: 23/41 MP: 8/16
  3408 | D:4      | Reached skill level 8 in Earth Magic
  3734 | D:4      | Reached skill level 1 in Evocations
  3906 | D:4      | Reached skill level 1 in Staves
  4125 | D:5      | Entered Level 5 of the Dungeon
  4125 | D:5      | Found Ugeliof's General Store.
  4149 | D:5      | Reached skill level 1 in Fighting
  4271 | D:5      | Found Qogaesuk's Jewellery Shoppe.
  4352 | D:5      | Found Ydwae's General Store.
  4358 | D:5      | Reached skill level 5 in Spellcasting
  4375 | D:5      | Bought a scroll of teleportation for 33 gold pieces
  4407 | D:5      | Found Nioj's Antique Weapon Boutique.
  4576 | D:5      | Found Qiqagh's Magic Scroll Shop.
  4582 | D:5      | Bought a scroll of blinking for 90 gold pieces
  4794 | D:6      | Found Paypn's Assorted Antiques.
  4858 | D:6      | Bought a scroll labelled ISMETI NYTEOT for 20 gold pieces
  4858 | D:6      | Bought a scroll labelled JYAMMO JIQIO for 20 gold pieces
  4939 | D:6      | Noticed Duvessa
  4940 | D:6      | Noticed Dowan
  4950 | D:6      | Slain by Duvessa

Illustrated notes

Levels and vault maps discovered:
D:1:      moated_graveyard_arrival, layout_basic, serial_shops,
          nicolae_shop_crystal
D:2:      layout_basic, basic_altar, serial_shops, nicolae_shop_crystal
D:3:      layout_basic, serial_shops, nicolae_shop_hallway_stairs,
          uniq_crazy_yiuf_cottage, uniq_jessica, uniq_ijyb, uniq_sigmund
D:4:      layout_basic, lemuel_mausoleum_altar_kikubaaqudgha, zin_scriptorium,
          temple_pool_b, chequers_serial_rivers_room_a, st_stairs_7,
          minmay_fire_ice_demons, uniq_menkaure
D:5:      layout_cave_pools, serial_shops, nicolae_shop_tiny_waterfront,
          nicolae_shop_trees, nicolae_shop_tiny_statue_garden, shop,
          kennysheep_little_box
D:6:      layout_basic, mainiacjoe_overflow_brackets,
          mainiacjoe_overflow_catwalk, mainiacjoe_overflow_divided_tiny,
          serial_shops, nicolae_inconvenience_store, shop, uniq_duvessa
Temple:   minmay_freezing_vapour_temple

Skill      XL: |  1  2  3  4  5  6  7  8 |
---------------+-------------------------+-----
Spellcasting   | 4 5 |  5.4
Earth Magic    | 4 5 6 7 8 |  8.0
Conjurations   | 1 3 5 6 7 |  7.0
Evocations     | 2 |  2.8
Staves         | 2 |  2.4
Fighting       | 2 |  2.0
Dodging        | 4 |  4.1
Stealth        | |  2.4
Transmutations | |  1.1

Action                     |  1- 3 |  4- 6 |  7- 9 || total
---------------------------+-------+-------+-------++-------
  Throw: Stone             |     2 |       |       ||     2
         Dart              |     8 |     3 |       ||    11
   Cast: Sandblast         |    41 |    52 |    90 ||   183
  Evoke: Wand              |       |       |     1 ||     1
    Use: Scroll            |     9 |     2 |     5 ||    16
         Potion            |       |       |     1 ||     1
 Armour: Robe              |       |     4 |     4 ||     8
  Dodge: Dodged            |    13 |     6 |    25 ||    44

Table legend: (Time is in decaauts)
 A = Elapsed time spent in this place.
 B = Non-inter-level travel time spent in this place.
 C = Inter-level travel time spent in this place.
 D = Time resting spent in this place.
 E = Time spent auto-exploring this place.
 F = Levels seen in this place.
 G = Mean time per level.
                   A        B        C        D        E       F      G
               +--------+--------+--------+--------+--------+-----+--------+
         Total |   5043 |   4728 |    315 |    272 |   3666 |   7 |  720.4 |
       Dungeon |   5041 |   4726 |    315 |    272 |   3666 |   6 |  840.2 |
        Temple |      1 |      1 |      0 |      0 |      0 |   1 |    1.0 |
               +--------+--------+--------+--------+--------+-----+--------+

Top non-repeatable levels by time:
     D:4: 1788 daAuts
     D:3: 959 daAuts
     D:1: 759 daAuts
     D:2: 690 daAuts
     D:5: 671 daAuts
     D:6: 171 daAuts
  Temple: 1 daAuts
